 Dungeon Crawl Stone Soup version 0.31-a0-716-gc7603755dd (webtiles) character file.

Game seed: 9112647180319231106

9 Essalna the Conjurer (level 2, -3/19 HPs)
             Began as a Demonspawn Conjurer on Sept 10, 2023.
             Frozen to death by an endoplasm (5 damage)
             ... on level 1 of the Dungeon.
             The game lasted 00:00:41 (490 turns).

Essalna the Conjurer (Demonspawn Conjurer)           Turns: 490, Time: 00:00:42

Health: -3/19      AC:  3    Str:  7    XL:     2   Next: 3%
Magic:  5/5        EV: 12    Int: 19    God:
Gold:   27         SH:  0    Dex: 11    Spells: 4/5 levels left

rFire   . . .        e - +0 spear
rCold   . . .        (no shield)
rNeg    . . .        a - +0 robe
rPois   .            (no helmet)
rElec   .            (no cloak)
rCorr   .            (no gloves)
SInv    .            f - +0 pair of boots
Will    .....        (no amulet)
Stlth   ++           (no ring)
HPRegen 0.23/turn    (no ring)
MPRegen 0.09/turn

%: no passive effects
@: no status effects
A: claws 1
a: no special abilities


You were on level 1 of the Dungeon.
You visited 1 branch of the dungeon, and saw 1 of its levels.

You collected 27 gold pieces.

Inventory:

Hand Weapons
 e - a +0 spear (weapon)
Armour
 a - a +0 robe (worn)
 f - a +0 pair of boots (worn)
Scrolls
 d - a scroll of immolation {unknown}
 g - a scroll of fog {unknown}
 h - a scroll of poison {unknown}
Potions
 b - a potion of magic
 c - a potion of curing {unknown}


   Skills:
 - Level 1.7 Dodging
 - Level 1.7 Stealth
 + Level 2.3 Spellcasting
 + Level 4.2 Conjurations


You had 4 spell levels left.
You knew the following spells:

 Your Spells              Type           Power      Damage    Failure   Level
a - Magic Dart            Conj           72%        1d6       3%          1

Your spell library contained the following spells:

 Spells                   Type           Power      Damage    Failure   Level
 Searing Ray              Conj           36%        2d5       4%          2
 Dazzling Flash           Conj/Hex       20%        N/A       21%         3
 Fulminant Prism          Conj/Hex       5%         3d7       56%         4
 Iskenderun's Mystic Bla  Conj/Tloc      10%        2d4       56%         4


Dungeon Overview and Level Annotations

Branches:
Dungeon (1/15)

Altars:

Shops:
D:1 [


Innate Abilities, Weirdness & Mutations

You have sharp fingernails.


Message History

The endoplasm closely misses you.
The jackal bites you but does no damage.
The jackal completely misses you.
The jackal bites you but does no damage. x2
The endoplasm freezes you.
You are frozen.
The jackal bites you but does no damage.
The jackal closely misses you. The endoplasm closely misses you.
The jackal barely misses you. The jackal closely misses you.
The jackal completely misses you. The endoplasm misses you.
The jackal closely misses you. The jackal misses you.
The jackal bites you but does no damage.
The endoplasm hits you but does no damage.
The jackal completely misses you. The jackal barely misses you.
The endoplasm freezes you.
You are frozen.
The jackal barely misses you.
The jackal bites you but does no damage.
The jackal barely misses you. The jackal bites you.
The endoplasm barely misses you. The jackal closely misses you.
The jackal barely misses you. The endoplasm misses you.
The jackal bites you but does no damage.
The jackal bites you.
The jackal bites you but does no damage.
A goblin comes into view. It is wielding a +0 club.
The endoplasm freezes you.
You are frozen.
The jackal bites you but does no damage.
The jackal closely misses you. The jackal misses you.
The endoplasm freezes you.
You are frozen.
* * * LOW HITPOINT WARNING * * *
The jackal bites you.
* * * LOW HITPOINT WARNING * * *
The jackal barely misses you. The endoplasm freezes you.
You are frozen.
You die...

#.#.#.....#...#...
#.#.#####.#...###.#
..#.....#.#...##....
..#...#>..#.#.##..#.#
#.#...#####.#.##.# ##
#.#.........#.##..
#.#.....#.###.##.### ..
#.#######.###.#Jh#.##...
#.........##..#h@.......
#.########...##....g....
#..........#####.##.)...
####.##########..# ....
#....# #.......## #..
#.#######.####### .
..####....# .......####
#####..#


You could see an endoplasm, 2 jackals and a goblin (wandering).

Vanquished Creatures
  A dart slug (D:1)
  A bat (D:1)
  An endoplasm (D:1)
  2 hobgoblins (D:1)
  A goblin (D:1)
6 creatures vanquished.

Notes
Turn   | Place    | Note
-------+----------+-------------------------------------------
     0 | D:1      | Essalna the Demonspawn Conjurer began the quest for the
                  | Orb.
     0 | D:1      | Reached XP level 1. HP: 13/13 MP: 3/3
    69 | D:1      | Found Baghynadgh's Antique Armour Shop.
   139 | D:1      | Found a faded altar of an unknown god.
   420 | D:1      | Gained mutation: You have sharp fingernails. [demonic
                  | ancestry]
   420 | D:1      | Reached XP level 2. HP: 19/19 MP: 0/5
   490 | D:1      | Frozen to death by an endoplasm

Illustrated notes

Levels and vault maps discovered:
D:1:      ebering_trefoil_twist, layout_rooms, serial_shops, shop,
          ebering_ecumenical_altar_ruins, chequers_serial_rivers_small_b,
          minmay_misc_feat_square, nicolae_shop_vocational

Action                     || total
---------------------------++-------
  Melee: Spear             ||    12
   Cast: Magic Dart        ||    12
 Armour: Robe              ||    18
  Dodge: Dodged            ||    33

Table legend: (Time is in decaauts)
 A = Elapsed time spent in this place.
 B = Non-inter-level travel time spent in this place.
 C = Inter-level travel time spent in this place.
 D = Time resting spent in this place.
 E = Time spent auto-exploring this place.
 F = Levels seen in this place.
 G = Mean time per level.
                   A        B        C        D        E       F      G
               +--------+--------+--------+--------+--------+-----+--------+
         Total |    491 |    491 |      0 |      0 |    420 |   1 |  491.0 |
       Dungeon |    491 |    491 |      0 |      0 |    420 |   1 |  491.0 |
               +--------+--------+--------+--------+--------+-----+--------+

Top non-repeatable levels by time:
     D:1: 491 daAuts
